Map: Ley Lines

Players

DTNDolan (Dolan)

  • Race: Terran Terran
  • League: Master
  • Spawn Location: 7:00

acheron - Winner!

  • Race: Protoss Protoss
  • League: Master
  • Spawn Location: 1:00

VOD

Have the link to the VOD?

Description

Time

  • Played on: June 24, 2025, 9:47 p.m.
  • Length: 16:06
Show
View Real Time Build Order
Export as new Build Order

DTNDolan Terran 

Build Orders:  

Get SALT Encoding   

  12  0:00  SCV  
  13  0:12  SCV  
  14  0:17  Supply Depot  
  14  0:24  SCV  
  15  0:38  SCV  
  15  0:39  Barracks  
  15  0:42  Refinery  
  16  0:50  SCV  
  16  0:52  Refinery  
  17  1:02  SCV  
  18  1:14  SCV  
  20  1:25  Reaper  
  20  1:26  Orbital Command  
  20  1:27  Supply Depot  
  20  1:39  Factory  
  20  1:52  SCV  
  21  1:57  Reaper  
  22  2:04  SCV  
  23  2:14  Command Center  
  23  2:16  SCV  
  24  2:24  Hellion  
  26  2:32  SCV  
  26  2:34  Barracks Reactor  
  27  2:38  Starport  
  27  2:44  SCV  
  27  2:49  Factory Tech Lab  
  28  2:51  Supply Depot  
  28  2:56  SCV  
  28  3:08  SCV  
  28  3:17  Marine, Cyclone, Medivac  
  28  3:19  Marine  
  34  3:20  SCV  
  35  3:33  Bunker  
  35  3:35  Marine  
  35  3:37  Marine  
  37  3:43  Orbital Command  
  37  3:47  SCV  
  38  3:54  Starport Tech Lab  
  38  3:58  Siege Tank  
  38  4:01  SCV  
  42  4:06  Marine x2  
  42  4:09  SCV  
  45  4:13  SCV  
  45  4:14  Raven  
  48  4:20  Supply Depot  
  48  4:22  SCV  
  49  4:25  SCV  
  45  4:37  Marine x2  
  44  4:38  SCV x2  
  44  4:40  Barracks  
  44  4:41  Barracks  
  45  4:45  Siege Tank  
  45  4:50  SCV x2  
  50  4:53  Refinery  
  50  4:54  Refinery  
  50  4:56  Engineering Bay  
  50  4:59  Marine x2  
  52  5:02  SCV x2  
  52  5:05  Supply Depot  
  54  5:14  SCV  
  54  5:15  SCV  
  54  5:17  Marine x2  
  57  5:26  Terran Infantry Weapons Level 1  
  57  5:27  SCV x2  
  59  5:28  Supply Depot  
  59  5:33  Factory Reactor, Supply Depot  
  59  5:34  Starport Reactor  
  59  5:38  Stimpack  
  59  5:39  SCV x2, Marauder  
  60  5:48  Marauder  
  61  5:50  Combat Shield  
  61  5:51  SCV x2  
  63  6:02  Starport Reactor  
  63  6:03  Factory Reactor  
  60  6:05  Marine  
  60  6:06  Marine, Marauder  
  60  6:10  Marauder  
  60  6:11  SCV x2  
  68  6:23  SCV x2  
  68  6:24  Command Center  
  70  6:28  Marine x2  
  70  6:29  Marauder  
  70  6:31  Marauder  
  76  6:39  Medivac x2  
  82  6:44  Widow Mine x2  
  84  6:52  Barracks  
  84  6:53  Marine x2, Barracks  
  86  6:58  Supply Depot  
  86  7:00  Supply Depot  
  86  7:19  Marine x2  
  86  7:20  SCV x2, Marauder x2  
  86  7:21  Widow Mine x2, Medivac x2  
  99  7:33  SCV x2  
  101  7:37  Marine x2  
  101  7:38  Supply Depot  
  101  7:40  Orbital Command  
  101  7:41  Barracks Tech Lab, Barracks Reactor  
  103  7:45  Widow Mine x2  
  103  7:46  SCV x2  
  109  7:57  Marine x2, Marauder x2  
  115  8:00  Medivac x2  
  115  8:01  Orbital Command  
  115  8:02  SCV x2  
  121  8:14  SCV x2, Supply Depot  
  121  8:15  Ghost Academy  
  122  8:21  Marine x2  
  122  8:22  Marauder  
  121  8:32  SCV x2, Orbital Command  
  108  8:44  SCV, Marine  
  108  8:45  Marine x2, Marauder x2  
  75  9:18  SCV x2  
  75  9:19  SCV  
  75  9:25  Viking, Medivac  
  75  9:30  SCV  
  75  9:31  SCV x2  
  80  9:36  Refinery  
  80  9:37  Refinery  
  80  9:38  Terran Infantry Armor Level 1  
  80  9:39  Orbital Command  
  80  9:42  SCV, Widow Mine x2, Marine x4  
  80  9:43  SCV  
  90  9:54  SCV  
  90  9:55  SCV  
  90  9:57  Ghost x3  
  101  10:05  SCV  
  101  10:06  SCV  
  103  10:07  SCV  
  103  10:08  Marine x4  
  103  10:09  Widow Mine x2, Medivac x2  
  116  10:17  SCV  
  116  10:18  SCV  
  116  10:19  SCV  
  119  10:26  Marine x3  
  119  10:27  Marine, Marauder  
  122  10:39  Viking x2  
  83  10:57  SCV x3  
  83  11:02  Marine x3  
  83  11:03  Marine  
  80  11:05  Refinery  
  80  11:06  Refinery  
  80  11:09  SCV x3, Viking  
  84  11:11  Marauder x2  
  84  11:12  Marauder  
  88  11:21  SCV x3  
  88  11:25  Marine x4  
  92  11:28  Missile Turret  
  95  11:33  SCV x3  
  95  11:37  Engineering Bay, Marine  
  95  11:38  Armory  
  100  11:41  Marauder  
  100  11:45  SCV x3  
  104  11:49  Supply Depot  
  104  11:54  Marine  
  104  11:55  Marine x3  
  104  11:57  SCV x3  
  111  12:09  SCV x2  
  111  12:10  SCV  
  111  12:13  Sensor Tower  
  111  12:14  Ghost x2  
  120  12:19  Marine x3  
  120  12:20  Marine  
  120  12:21  Marauder  
  125  12:24  SCV x3  
  128  12:30  Viking  
  128  12:31  Viking  
  128  12:35  Terran Infantry Weapons Level 2  
  128  12:36  SCV, Terran Infantry Armor Level 2  
  133  12:48  SCV x3  
  136  12:51  Marine x4  
  136  12:56  Marauder x2, Ghost  
  136  12:57  Supply Depot x2  
  147  13:00  Missile Turret  
  147  13:10  Terran Ship Weapons Level 1  
  147  13:11  SCV x2  
  149  13:13  Command Center, Supply Depot  
  149  13:15  Supply Depot  
  149  13:18  SCV  
  149  13:37  Ghost x2  
  149  13:38  Marine x4, Marauder  
  160  13:45  Barracks x2  
  160  13:46  SCV x3  
  160  13:47  Barracks  
  163  14:00  Ghost  
  163  14:01  Marine x2  
  163  14:02  Marine x2  
  170  14:06  Marauder x2  
  170  14:08  Viking x2  
  178  14:14  Supply Depot  
  178  14:17  Supply Depot  
  173  14:30  Widow Mine  
  175  14:38  Viking x2  
  177  14:40  Marine  
  177  14:41  Marine x2, Barracks Tech Lab, Marauder x3  
  177  14:42  Marine x2  
  177  14:44  Marine  
  170  15:03  Ghost  
  170  15:04  Marine, Ghost x2  
  170  15:05  Marauder  
  143  15:26  Marauder  
  143  15:27  Marine x2  
  108  15:32  Ghost x3  
  75  15:46  Marine  
  75  15:47  Marine x3  
  75  15:48  Marine x2  
Show
View Real Time Build Order
Export as new Build Order

acheron Protoss - Winner!

Build Orders: 1 Gate Expand, Phoenix Opening, Blink Stalkers 

Get SALT Encoding   

  12  0:00  Probe  
  13  0:12  Probe  
  14  0:16  Pylon  
  14  0:23  Probe  
  15  0:31  Probe  
  16  0:35  Gateway  
  16  0:39  Probe  
  16  0:45  Assimilator  
  17  0:51  Probe  
  18  1:03  Probe  
  19  1:15  Probe  
  20  1:22  Cybernetics Core  
  20  1:31  Nexus  
  20  1:38  Pylon  
  21  1:40  Probe  
  21  1:46  Assimilator  
  21  1:48  Adept  
  21  1:56  Probe  
  21  1:59  Warp Gate  
  24  2:07  Stalker  
  24  2:08  Probe  
  25  2:20  Probe  
  28  2:32  Probe  
  28  2:36  Shield Battery, Twilight Council  
  29  2:44  Probe x2  
  31  2:56  Probe x2  
  31  2:57  Sentry  
  35  3:01  Blink  
  35  3:03  Gateway  
  35  3:08  Probe x2  
  35  3:20  Probe x2  
  37  3:32  Probe  
  37  3:33  Probe, Phoenix  
  39  3:36  Gateway  
  39  3:41  Pylon  
  39  3:44  Probe  
  39  3:45  Probe  
  41  3:50  Robotics Facility  
  41  3:56  Probe  
  41  3:57  Stalker, Probe  
  45  4:05  Pylon  
  45  4:08  Probe  
  45  4:09  Probe  
  47  4:13  Stalker  
  49  4:20  Probe  
  49  4:21  Probe  
  51  4:26  Stalker  
  51  4:32  Stalker  
  51  4:33  Probe x2  
  53  4:42  Nexus, Phoenix  
  53  4:44  Stalker  
  53  4:45  Probe x2  
  57  4:51  Observer  
  57  4:52  Assimilator  
  58  4:55  Pylon  
  58  4:57  Probe x2  
  58  4:59  Pylon  
  60  5:09  Probe x2  
  62  5:16  Charge  
  62  5:21  Probe x2  
  61  5:23  Observer  
  63  5:30  Forge  
  63  5:31  Gateway  
  63  5:33  Probe  
  63  5:34  Gateway, Probe  
  65  5:43  Protoss Ground Armor Level 1  
  65  5:45  Probe  
  65  5:46  Probe  
  65  5:50  Stalker x2  
  65  5:51  Stalker  
  65  5:54  Probe  
  72  5:57  Probe  
  72  5:58  Probe  
  74  6:06  Probe  
  74  6:09  Probe  
  74  6:10  Probe  
  74  6:11  Gateway  
  76  6:14  Gateway  
  76  6:21  Probe x2  
  76  6:23  Pylon  
  76  6:24  Gateway  
  78  6:28  Probe  
  78  6:31  Robotics Bay  
  79  6:34  Observer  
  79  6:35  Sentry, Zealot x2  
  85  6:40  Assimilator  
  85  6:45  Pylon  
  87  6:48  Probe x2  
  87  6:54  Warp Prism  
  87  6:55  Zealot x3  
  87  6:56  Zealot  
  95  7:07  Pylon  
  97  7:11  Nexus  
  97  7:18  Zealot x4  
  97  7:21  Probe  
  97  7:22  Observer  
  106  7:29  Stalker  
  106  7:30  Stalker x2  
  106  7:37  Zealot  
  112  7:39  Protoss Ground Weapons Level 1  
  112  7:42  Probe x2  
  112  7:43  Probe  
  115  7:44  Pylon  
  115  7:49  Stalker  
  117  7:54  Pylon x2  
  117  8:02  Probe  
  117  8:05  Pylon x2  
  118  8:09  Zealot x3  
  124  8:15  Shield Battery  
  124  8:16  Photon Cannon  
  124  8:17  Pylon  
  124  8:18  Zealot x5  
  134  8:20  Colossus  
  134  8:29  Zealot x3  
  128  8:41  Zealot x5  
  124  9:01  Zealot x8  
  124  9:05  Colossus  
  106  9:23  Templar Archives  
  106  9:27  Nexus  
  104  9:40  Assimilator  
  104  9:43  Zealot x8  
  120  9:53  Pylon  
  120  10:01  Observer  
  120  10:03  High Templar x8  
  136  10:07  Archon  
  136  10:08  Archon x3  
  136  10:11  Colossus  
  136  10:13  Probe x3  
  145  10:23  Protoss Ground Weapons Level 2  
  143  10:38  Stalker, Zealot x3  
  141  10:44  Zealot x3  
  141  10:45  Zealot  
  115  10:51  Probe x4  
  115  10:56  Colossus  
  93  11:01  Extended Thermal Lance  
  93  11:02  Psionic Storm  
  93  11:03  Probe  
  84  11:04  Zealot  
  84  11:09  Zealot x7  
  102  11:27  Gateway, High Templar  
  102  11:29  Gateway  
  102  11:32  Zealot x7  
  118  11:41  Immortal  
  118  11:42  Pylon, Probe  
  118  11:43  Probe x2  
  121  11:53  Nexus  
  125  12:02  Stalker x3, Zealot x4  
  139  12:11  Warp Prism  
  139  12:13  Stalker  
  139  12:15  Probe x3  
  143  12:21  Protoss Ground Weapons Level 3  
  143  12:22  High Templar x3  
  150  12:24  Pylon, Zealot x3  
  158  12:30  Forge, Probe x2  
  158  12:32  Probe  
  158  12:33  Probe  
  162  12:42  Probe  
  163  12:46  Pylon  
  163  12:49  Assimilator  
  163  12:54  Zealot x3, High Templar  
  163  12:56  Pylon  
  171  12:58  Pylon  
  171  13:00  Pylon  
  171  13:04  Protoss Ground Armor Level 2  
  171  13:14  Nexus  
  171  13:31  Probe x5  
  171  13:32  Shield Battery  
  171  13:33  Observer  
  174  13:34  Pylon  
  171  13:45  Zealot x10  
  171  13:46  Observer  
  171  13:48  Gateway x2  
  191  13:52  Gateway  
  191  13:53  Dark Shrine  
  191  13:54  Pylon  
  192  13:58  Gateway  
  192  13:59  Gateway  
  192  14:00  Gateway  
  192  14:03  Pylon  
  192  14:09  Observer  
  192  14:19  Robotics Facility x2  
  178  14:42  Stalker  
  178  14:43  Stalker x6  
  160  15:07  Zealot x8  
  160  15:08  Zealot x6  
  160  15:12  Colossus x3  
  144  15:34  Zealot x6  
  144  15:35  Zealot x8  
Tags
 
Add a new tag
Caveats
  • Supply blocks, unpowered buildings, or Contaminate may cause inaccurate times.
  • Supply counts are checked every 10 seconds.